 Dungeon Crawl Stone Soup version 0.17-a0-569-g5c5269f (webtiles) character file.

592 sugabear the Sneak (level 7, -2/36 HPs)
             Began as a Vine Stalker Fighter on Apr 14, 2015.
             Was an Initiate of Dithmenos.
             Slain by an orc
             ... wielding a +2 flail of crushing
              (3 damage)
             ... on level 5 of the Dungeon.
             The game lasted 00:08:03 (3981 turns).

sugabear the Sneak (Vine Stalker Fighter)           Turns: 3981, Time: 00:08:04

Health: -2/36      AC: 11    Str: 19      XL:     7   Next: 39%
Magic:  0/10       EV:  8    Int:  8      God:    Dithmenos [......]
Gold:   267        SH:  9    Dex: 14 (15) Spells: 1 memorised, 6 levels left

rFire  . . .     SeeInvis .     a - +0 rapier
rCold  + . .     Clarity  +     b - +0 scale mail
rNeg   . . .     SustAb   .     c - +0 shield
rPois  .         Gourm    .     r - +1 hat
rElec  .         Spirit   +     (no cloak)
rCorr  .         Warding  .     x - +0 pair of gloves
rMut   .         Stasis   .     F - +0 pair of boots
MR     .....                    G - amulet of clarity
Stlth  +.........               (no ring)
                                u - ring of protection from cold

@: not resistant to hostile enchantments, very unstealthy
A: fangs 2, regeneration 2, shaggy fur 1, magic shield, antimagic bite, no
device heal 3, rot immunity
a: Renounce Religion


You were on level 5 of the Dungeon.
You worshipped Dithmenos.
Dithmenos was noncommittal.
You were not hungry.

You visited 1 branch of the dungeon, and saw 5 of its levels.

You collected 267 gold pieces.

Inventory:

Hand weapons
 a - a +0 rapier (weapon)
 C - a +0 dagger of protection
Armour
 b - a +0 scale mail (worn)
 c - a +0 shield (worn)
 r - a +1 hat (worn)
 x - a +0 pair of gloves (worn)
 F - a +0 pair of boots (worn)
Jewellery
 n - an uncursed ring of ice
 u - a ring of protection from cold (left hand)
 G - an amulet of clarity (around neck)
Magical devices
 t - a wand of confusion (30)
 A - a wand of lightning (8)
 B - a wand of frost (18)
Scrolls
 f - 3 scrolls of teleportation {unknown}
 g - 3 scrolls of blinking {unknown}
 j - a scroll of immolation {unknown}
 k - 8 scrolls of identify {unknown}
 l - a scroll of enchant armour {unknown}
 m - 2 scrolls of remove curse {unknown}
 o - a scroll of magic mapping {unknown}
 v - a scroll of amnesia {unknown}
 D - a scroll of enchant weapon {unknown}
Potions
 e - 2 potions of might
 w - 2 potions of heal wounds {unknown}
 E - a potion of berserk rage {unknown}
 H - a potion of haste {unknown}
Books
 y - a book of Hinderance

   Spells                             Type                      Level
   a - Confusing Touch                Hexes                        2
   b - Confuse                        Hexes                        3
   c - Gell's Gravitas                Hexes/Translocation          3
   d - Petrify                        Transmutation/Earth          4
   e - Metabolic Englaciation         Hexes/Ice                    5
   f - Summon Mana Viper              Hexes/Summoning              5
Comestibles
 d - 2 bread rations
 h - 6 meat rations
 i - a royal jelly
 p - 6 fruits
 z - a beef jerky


   Skills:
 + Level 3.4 Fighting
 + Level 2.6 Short Blades
 + Level 3.3 Armour
 + Level 1.7 Dodging
 * Level 4.1 Stealth
 + Level 4.1 Shields
 * Level 1.8 Spellcasting
 * Level 1.9 Hexes
 * Level 0.4 Invocations


You had 6 spell levels left.
You knew the following spells:

 Your Spells              Type           Power        Failure   Level  Hunger
a - Confuse               Hex            #.......     100%        3    ####...


Dungeon Overview and Level Annotations

Branches:
Dungeon (5/15)
 Temple: D:4-7

Altars:
Ashenzari
Dithmenos
Makhleb
Sif Muna
Vehumet
Xom
The Shining One


Innate Abilities, Weirdness & Mutations

You have extremely sharp teeth.
You heal very quickly.
You are covered in fur (AC +1).
When hurt, damage is shared between your health and your magic reserves.
Your bite disrupts and absorbs the magic of your enemies.
Potions and wands cannot restore your health.
You are immune to rotting.


Message History

The orc warrior hits you with a scimitar.
You closely miss the orc warrior.
The orc warrior hits you with a scimitar!
The orc closely misses you.
The orc wizard falters for a moment.
You hit the orc warrior but do no damage.
The orc warrior barely misses you. You block the orc's attack.
You hit the orc warrior but do no damage.
Your bite misses the orc warrior. The orc warrior barely misses you.
The orc barely misses you.
Your shield and scale mail prevent you from hitting the orc warrior.
You bite the orc warrior, but do no damage.
You block the orc's attack.
The orc warrior hits you with a scimitar!!
You hit the orc warrior.
You bite the orc warrior, but do no damage.
The orc warrior is lightly wounded.
The orc warrior hits you with a scimitar!
* * * LOW HITPOINT WARNING * * *
The orc hits you with a flail of crushing.
You die...

...# ♣♣...♣ ...# ♣....♣
...# #....#
#######....##########
###...#...##...#.#..#
..........'.........#
..........#.........#
#'##..##..##+###..###
#.##..##..##..##@##
..'............#oo......#
..#............+.o......
..#............#........
..##..###.....##..##....
..##..#####'####+######
.........(.....#...#
...............#...####
.###...##......'......#


You could see an orc warrior, an orc wizard and an orc.

Vanquished Creatures
  An ogre (D:5)
  A scorpion (D:4)
  2 hounds (D:5)
  A quasit (D:4)
  A jelly (D:5)
  Crazy Yiuf (D:5)
  A giant frog skeleton (D:5)
  Terence (D:2)
  An orc wizard (D:5)
  A hound skeleton (D:4)
  6 adders
  A gnoll (D:1)
  2 shadow imps
  3 oozes
  5 worms
  2 giant geckos
  11 orcs
  A ball python (D:4)
  10 bats
  2 giant cockroaches
  6 goblins
  13 hobgoblins
  6 jackals (D:4)
  A giant cockroach zombie (D:5)
  A giant gecko skeleton (D:4)
  3 giant newts
  7 kobolds
  2 quokkas
  15 rats
108 creatures vanquished.

Notes
Turn   | Place    | Note
--------------------------------------------------------------
     0 | D:1      | sugabear, the Vine Stalker Fighter, began the quest for the Orb.
     0 | D:1      | Reached XP level 1. HP: 11/11 MP: 2/2
    46 | D:1      | Reached skill level 1 in Stealth
    46 | D:1      | Reached XP level 2. HP: 16/16 MP: 3/3
   282 | D:1      | Reached skill level 3 in Fighting
   282 | D:1      | Reached XP level 3. HP: 8/20 MP: 2/4
   685 | D:1      | Found a shattered altar of Ashenzari.
   998 | D:2      | Reached XP level 4. HP: 7/24 MP: 5/5
  1478 | D:2      | Found a glowing golden altar of the Shining One.
  1495 | D:2      | Noticed Terence
  1507 | D:2      | Killed Terence
  1507 | D:2      | Reached XP level 5. HP: 28/28 MP: 6/6
  1784 | D:3      | Found a deep blue altar of Sif Muna.
  1792 | D:3      | Found a burning altar of Makhleb.
  2143 | D:3      | Learned a level 3 spell: Confuse
  2529 | D:4      | Found a radiant altar of Vehumet.
  2642 | D:4      | Reached skill level 1 in Dodging
  3200 | D:4      | Reached skill level 1 in Hexes
  3200 | D:4      | Gained mutation: You heal very quickly. [Vine Stalker growth]
  3200 | D:4      | Reached XP level 6. HP: 25/32 MP: 5/8
  3331 | D:5      | Entered Level 5 of the Dungeon
  3331 | D:5      | Found a shimmering altar of Xom.
  3429 | D:5      | Found a shadowy altar of Dithmenos.
  3450 | D:5      | Reached skill level 1 in Spellcasting
  3543 | D:5      | Became a worshipper of Dithmenos the Shadowed
  3574 | D:5      | Reached XP level 7. HP: 34/36 MP: 10/10
  3621 | D:5      | Reached skill level 4 in Stealth
  3914 | D:5      | Noticed Crazy Yiuf
  3928 | D:5      | Killed Crazy Yiuf
  3981 | D:5      | HP: 1/36 [orc warrior/scimitar (11)]
  3981 | D:5      | Slain by an orc

Action                   |  1- 3 |  4- 6 |  7- 9 || total
-------------------------+-------+-------+-------++-------
Melee: Rapier            |    86 |   178 |    12 ||   276
       Dagger            |       |   172 |   129 ||   301
  Use: Potion            |       |       |     2 ||     2
  Eat: Chunk             |       |     9 |     2 ||    11
